 Dungeon Crawl Stone Soup version 0.31-a0-182-gc5ef74bbde (webtiles) character file.

Game seed: 6954468988631800572

51 Maxmaps the Slasher (level 3, -5/27 HPs)
             Began as a Demonspawn Reaver on June 20, 2023.
             Killed from afar by Ijyb (7 damage)
             ... with a puff of flame
             ... on level 3 of the Dungeon.
             The game lasted 00:01:34 (1556 turns).

Maxmaps the Slasher (Demonspawn Reaver)             Turns: 1556, Time: 00:01:35

Health: -5/27      AC:  6    Str: 12    XL:     3   Next: 58%
Magic:  6/6        EV: 11    Int: 16    God:
Gold:   180        SH:  0    Dex: 11    Spells: 5/6 levels left

rFire   . . .        a - +0 falchion
rCold   . . .        (no shield)
rNeg    . . .        b - +0 leather armour
rPois   .            (helmet restricted)
rElec   .            (no cloak)
rCorr   .            (no gloves)
SInv    .            f - +2 pair of boots
Will    .....        e - amulet of magic regeneration
Stlth   +            (no ring)
HPRegen 0.24/turn    (no ring)
MPRegen 0.50/turn

%: no passive effects
@: studying Throwing
A: horns 1, powered by death 1
a: no special abilities


You were on level 3 of the Dungeon.
You visited 1 branch of the dungeon, and saw 3 of its levels.

You collected 180 gold pieces.

Inventory:

Hand Weapons
 a - a +0 falchion (weapon)
Armour
 b - a +0 leather armour (worn)
 f - a +2 pair of boots (worn)
Jewellery
 e - an amulet of magic regeneration (around neck)
Wands
 d - a wand of digging (7)
Scrolls
 c - a scroll of identify
 g - 2 scrolls of teleportation
 h - a scroll of fear {unknown}
 i - a scroll of amnesia {unknown}


   Skills:
 - Level 2.0 Fighting
 + Level 4.2 Long Blades
 - Level 1.7 Dodging
 - Level 2.0 Spellcasting
 - Level 3.0 Conjurations


You had 5 spell levels left.
You knew the following spells:

 Your Spells              Type           Power      Damage    Failure   Level
a - Kiss of Death         Conj/Necr      24%        2d7       14%         1

Your spell library contained the following spells:

 Spells                   Type           Power      Damage    Failure   Level
 Momentum Strike          Conj/Tloc      12%        3d8       22%         2
 Lesser Beckoning         Tloc           2%         N/A       36%         2
 Hailstorm                Conj/Ice       6%         3d4       38%         3
 Gell's Gravitas          Tloc           1%         N/A       61%         3
 Summon Guardian Golem    Hex/Summ       1%         N/A       61%         3
 Teleport Other           Tloc           1%         N/A       61%         3
 Orb of Destruction       Conj           5%         9d5       100%        7
 Spellforged Servitor     Conj/Summ      3%         N/A       100%        7


Dungeon Overview and Level Annotations

Branches:
Dungeon (3/15)

Altars:

Annotations:
D:3 Ijyb


Innate Abilities, Weirdness & Mutations

You have a pair of small horns on your head.
You regenerate a little health from kills.


Message History

No target in view!
No target in view!
No target in view!
No target in view!
No target in view!
No target in view!
No target in view!
No target in view!
No target in view!
No target in view!
No target in view!
No target in view!
You feel sick.
You are no longer poisoned.
Ijyb the Twisted Goblin comes into view.
She is wielding a +6 antimagic dagger and carrying a wand of flame (12).
Ijyb shouts!
Ijyb drinks a potion.
Ijyb seems to speed up.
Ijyb zaps a wand.
The puff of flame hits you but does no damage.
Ijyb zaps a wand.
The puff of flame hits you!
Ijyb is nearby!
Ijyb is nearby!
Ijyb is nearby!
Ijyb zaps a wand.
The puff of flame hits you but does no damage.
Ijyb hits you with a +6 antimagic dagger.
You barely miss Ijyb. Your headbutt misses Ijyb.
Ijyb hits you with a +6 antimagic dagger.
Ijyb zaps a wand.
The puff of flame hits you!
* * * LOW HITPOINT WARNING * * *
You are too injured to fight recklessly!
You are too injured to fight recklessly!
Unknown command.
You aren't carrying any potions.
Okay, then.
As you read the scroll labelled PUZABA DIAPS, it crumbles to dust.
It is a scroll of identify.
g - 2 scrolls of teleportation Ijyb zaps a wand.
The puff of flame hits you!
You die...

#......†.....# #.....<.....#.#
#.......)....#........###.....#
#............##.#.#.... .......
#..................
#...........###.#.######
#...........# #.#.......
#...........# #.#.....#
#.##'#...######.#.....#
#.##.#<..'......@g!...#
#.##.#...######.#.###.+
#.##.#...# #.#.# #....#...#
#.#.# ######...# #.#.# #...#
#.#.# #...# #.#.# ##### #+#.#


You could see Ijyb (fast).

Vanquished Creatures
  2 adders (D:3)
  An orc (D:3)
  An endoplasm (D:1)
  A giant cockroach (D:3)
  2 goblins
  4 hobgoblins
  7 kobolds
  A quokka (D:2)
  5 ball pythons
  3 bats (D:2)
  6 rats
33 creatures vanquished.

Notes
Turn   | Place    | Note
-------+----------+-------------------------------------------
     0 | D:1      | Maxmaps the Demonspawn Reaver began the quest for the Orb.
     0 | D:1      | Reached XP level 1. HP: 16/16 MP: 3/3
   133 | D:1      | Reached skill level 3 in Long Blades
   183 | D:1      | Found a faded altar of an unknown god.
   305 | D:1      | Gained mutation: You regenerate a little health from kills.
                  | [demonic ancestry]
   305 | D:1      | Reached XP level 2. HP: 21/22 MP: 5/5
  1387 | D:3      | Reached skill level 4 in Long Blades
  1387 | D:3      | Gained mutation: You have a pair of small horns on your
                  | head. [demonic ancestry]
  1387 | D:3      | Reached XP level 3. HP: 18/27 MP: 6/6
  1550 | D:3      | Noticed Ijyb
  1556 | D:3      | Killed from afar by Ijyb

Illustrated notes

Levels and vault maps discovered:
D:1:      spicycebolla_arrival_clurvy, layout_loops_ring,
          shapermc_ecumenical_altar_acropolis
D:2:      layout_loops_cross, serial_glass, glass_columns_a, glass_columns_b,
          glass_columns_a, glass_columns_b, glass_columns_c, glass_columns_b,
          glass_columns_a, glass_columns_c, serial_park_tiny_1,
          minmay_pentomino_r4
D:3:      layout_basic, kennysheep_pointless_box, uniq_ijyb

Skill      XL: |  1  2 |
---------------+-------+-----
Long Blades    | 3 4 |  4.2
Fighting       | |  2.0
Dodging        | |  1.7
Spellcasting   | |  2.0
Conjurations   | |  3.0

Action                     || total
---------------------------++-------
  Melee: Falchion          ||   145
         Headbutt          ||     2
    Use: Scroll            ||     1
 Armour: Leather armour    ||    55
  Dodge: Dodged            ||    93

Table legend: (Time is in decaauts)
 A = Elapsed time spent in this place.
 B = Non-inter-level travel time spent in this place.
 C = Inter-level travel time spent in this place.
 D = Time resting spent in this place.
 E = Time spent auto-exploring this place.
 F = Levels seen in this place.
 G = Mean time per level.
                   A        B        C        D        E       F      G
               +--------+--------+--------+--------+--------+-----+--------+
         Total |   1574 |   1528 |     46 |     42 |   1162 |   3 |  524.7 |
       Dungeon |   1574 |   1528 |     46 |     42 |   1162 |   3 |  524.7 |
               +--------+--------+--------+--------+--------+-----+--------+

Top non-repeatable levels by time:
     D:2: 792 daAuts
     D:1: 544 daAuts
     D:3: 237 daAuts
